General information
- name: BNet
- type: Ladder team game (AT/RT)
- host: Battle.net
- saver: BRUCEWILLISUSA
map: GolemsInTheMist
- players: 8
- length: 25:52
- speed: Fast
- version: 1.24 W3XP
- replay type: Public
» download(131 KB)
Players
team 1 (winner)
BRUCEWILLISUSA (
pink | 45 APM | 1172 actions | 25:52)
6 Blood Mage
3 Flame Strike
3 Siphon Mana
2 Death Knight
1 Unholy Aura
1 Animate Dead
» actions
| Assign group hotkey | 60 | |
| Basic commands | 47 | |
| Build / train | 83 | |
| ESC pressed | 6 | |
| Enter build submenu | 29 | |
| Enter hero's abilities submenu | 8 | |
| Give item / drop item | 1 | |
| Right click | 371 | |
| Select / deselect | 221 | |
| Select group hotkey | 229 | |
| Use ability | 117 | |
1172 total
» units
| Peasant | 12 | |
| Goblin Shredder | 3 | |
| Siege Engine | 12 | |
| Goblin Sapper | 2 | |
| Crypt Fiend | 3 | |
| Goblin Zeppelin | 1 | |
33 total
» upgrades
| Masonry | 3 | |
| Gunpowder | 3 | |
| Plating | 2 | |
| Swords | 1 | |
| Barrage | 1 | |
10 total
» buildings
| Altar of Kings | 1 | |
| Farm | 15 | |
| Lumber Mill | 1 | |
| Keep | 1 | |
| Scout Tower | 15 | |
| Town Hall | 2 | |
| Arcane Tower | 2 | |
| Blacksmith | 1 | |
| Castle | 2 | |
| Workshop | 4 | |
| Spirit Tower | 1 | |
| Ziggurat | 1 | |
| Guard Tower | 10 | |
56 total
» build order
00:10 Altar of Kings
00:12 Farm
00:43 Farm
01:12 Farm
03:41 Farm
03:43 Lumber Mill
04:05 Keep
04:08 Scout Tower
04:17 Town Hall
04:23 Farm
05:05 Arcane Tower
05:08 Scout Tower
05:52 Arcane Tower
05:57 Blacksmith
06:27 Castle
06:27 Castle
09:18 Workshop
09:18 Workshop
09:19 Workshop
09:19 Workshop
09:21 Farm
09:21 Farm
09:21 Farm
09:21 Farm
09:22 Farm
09:23 Farm
09:23 Farm
09:23 Farm
09:24 Farm
09:24 Farm
13:08 Scout Tower
13:09 Scout Tower
13:13 Scout Tower
13:14 Scout Tower
13:16 Scout Tower
13:17 Scout Tower
13:18 Scout Tower
13:20 Scout Tower
13:21 Scout Tower
14:01 Spirit Tower
14:04 Ziggurat
14:56 Guard Tower
15:26 Guard Tower
16:07 Guard Tower
16:10 Guard Tower
16:10 Guard Tower
16:11 Guard Tower
22:03 Town Hall
22:05 Scout Tower
22:06 Scout Tower
22:06 Scout Tower
22:07 Scout Tower
23:16 Guard Tower
23:31 Guard Tower
23:32 Guard Tower
» items
| Lesser Clarity Potion | 2 | |
| Healing Salve | 2 | |
| Scroll of Speed | 1 | |
| Rod of Necromancy | 2 | |
| Tiny Great Hall | 3 | |
10 total

»
mabosa (
blue | 46 APM | 1198 actions | 25:51)
7 Blademaster
3 Wind Walk
3 Critical Strike
1 Bladestorm
» actions
| Assign group hotkey | 26 | |
| Basic commands | 103 | |
| Build / train | 60 | |
| Enter build submenu | 27 | |
| Enter hero's abilities submenu | 6 | |
| Give item / drop item | 1 | |
| Right click | 472 | |
| Select / deselect | 291 | |
| Select group hotkey | 136 | |
| Use ability | 76 | |
1198 total
» units
| Peon | 12 | |
| Grunt | 7 | |
| Shaman | 4 | |
| Troll Witch Doctor | 6 | |
| Tauren | 5 | |
| Crypt Fiend | 4 | |
38 total
» upgrades
| Melee Weapons | 1 | |
| Armor | 1 | |
| Shaman Training | 2 | |
| Witch Doctor Training | 2 | |
6 total
» buildings
| Barracks | 1 | |
| Altar of Storms | 2 | |
| Orc Burrow | 8 | |
| War Mill | 1 | |
| Voodoo Lounge | 1 | |
| Stronghold | 1 | |
| Spirit Lodge | 2 | |
| Fortress | 1 | |
| Tauren Totem | 2 | |
| Watch Tower | 5 | |
| Great Hall | 1 | |
25 total
» build order
00:11 Barracks
00:20 Altar of Storms
00:24 Altar of Storms
00:50 Orc Burrow
01:33 War Mill
01:53 Orc Burrow
02:51 Voodoo Lounge
03:17 Stronghold
03:53 Orc Burrow
06:41 Spirit Lodge
07:59 Orc Burrow
08:49 Spirit Lodge
08:54 Orc Burrow
09:27 Fortress
11:54 Tauren Totem
11:56 Tauren Totem
15:06 Watch Tower
15:08 Watch Tower
16:15 Orc Burrow
16:19 Orc Burrow
16:54 Watch Tower
17:36 Watch Tower
17:42 Watch Tower
20:35 Orc Burrow
22:01 Great Hall
» items
| Scroll of Speed | 2 | |
| Healing Salve | 1 | |
| Scroll of Town Portal | 2 | |
| Orb of Lightning | 1 | |
6 total

»
HeroOfTime (
teal | 30 APM | 384 actions | 12:47)
1 Archmage
1 Summon Water Elemental
» actions
| Assign group hotkey | 13 | |
| Basic commands | 18 | |
| Build / train | 43 | |
| Enter build submenu | 12 | |
| Enter hero's abilities submenu | 1 | |
| Right click | 99 | |
| Select / deselect | 150 | |
| Select group hotkey | 23 | |
| Use ability | 25 | |
384 total
» units
» upgrades
» buildings
| Altar of Kings | 1 | |
| Barracks | 1 | |
| Farm | 5 | |
| Lumber Mill | 1 | |
| Keep | 1 | |
| Arcane Sanctum | 2 | |
| Scout Tower | 4 | |
| Arcane Vault | 1 | |
16 total
» build order
00:06 Altar of Kings
00:27 Barracks
00:42 Farm
01:12 Farm
01:30 Lumber Mill
01:51 Farm
03:28 Keep
05:14 Farm
05:18 Farm
05:55 Arcane Sanctum
06:28 Arcane Sanctum
08:28 Scout Tower
08:28 Scout Tower
08:28 Scout Tower
08:29 Scout Tower
10:42 Arcane Vault

»
alpha09 (
orange | 40 APM | 553 actions | 13:50)
4 Death Knight
2 Unholy Aura
1 Death Coil
1 Death Pact
» actions
| Basic commands | 17 | |
| Build / train | 29 | |
| Enter build submenu | 14 | |
| Enter hero's abilities submenu | 4 | |
| Right click | 325 | |
| Select / deselect | 138 | |
| Use ability | 26 | |
553 total
» units
| Acolyte | 3 | |
| Ghoul | 3 | |
| Crypt Fiend | 2 | |
| Gargoyle | 4 | |
| Goblin Shredder | 1 | |
| Goblin Zeppelin | 1 | |
| Frost Wyrm | 2 | |
16 total
» upgrades
» buildings
| Crypt | 2 | |
| Ziggurat | 5 | |
| Altar of Darkness | 1 | |
| Nerubian Tower | 1 | |
| Graveyard | 1 | |
| Halls of the Dead | 1 | |
| Tomb of Relics | 1 | |
| Sacrificial Pit | 1 | |
| Spirit Tower | 1 | |
| Black Citadel | 1 | |
| Boneyard | 1 | |
| Necropolis | 1 | |
17 total
» build order
00:21 Crypt
00:25 Ziggurat
00:33 Ziggurat
00:42 Altar of Darkness
01:32 Crypt
01:39 Nerubian Tower
02:10 Graveyard
02:59 Ziggurat
03:06 Halls of the Dead
03:58 Tomb of Relics
04:03 Ziggurat
05:12 Ziggurat
05:50 Sacrificial Pit
06:29 Spirit Tower
07:03 Black Citadel
10:44 Boneyard
10:48 Necropolis
» items
| Lesser Clarity Potion | 1 | |
| Dust of Appearance | 1 | |
2 total
team 2 (loser)
Dontt_trust_me (
red | 22 APM | 570 actions | 25:37)
4 Blademaster
2 Wind Walk
2 Critical Strike
» actions
| Build / train | 47 | |
| Enter build submenu | 22 | |
| Enter hero's abilities submenu | 5 | |
| Remove unit from queue | 1 | |
| Right click | 258 | |
| Select / deselect | 190 | |
| Use ability | 47 | |
570 total
» units
| Peon | 17 | |
| Troll Headhunter/Berserker | 4 | |
| Grunt | 3 | |
| Goblin Zeppelin | 1 | |
| Wind Rider | 5 | |
30 total
» upgrades
| Ranged Weapons | 3 | |
| Envenomed Spears | 1 | |
4 total
» buildings
| Orc Burrow | 8 | |
| Altar of Storms | 1 | |
| War Mill | 2 | |
| Barracks | 1 | |
| Voodoo Lounge | 1 | |
| Stronghold | 1 | |
| Watch Tower | 2 | |
| Fortress | 1 | |
| Beastiary | 2 | |
| Great Hall | 2 | |
21 total
» build order
00:27 Orc Burrow
00:53 Orc Burrow
00:57 Altar of Storms
02:00 War Mill
02:06 Orc Burrow
02:29 Barracks
02:48 War Mill
03:08 Voodoo Lounge
03:48 Stronghold
04:51 Orc Burrow
04:55 Watch Tower
05:01 Orc Burrow
06:33 Fortress
06:59 Beastiary
07:04 Beastiary
08:09 Orc Burrow
08:54 Great Hall
09:04 Orc Burrow
09:07 Watch Tower
20:15 Great Hall
20:20 Orc Burrow
» items
| Healing Salve | 1 | |
| Lesser Clarity Potion | 1 | |
| Orb of Corruption | 1 | |
| Potion of Healing | 1 | |
| Scroll of Regeneration | 1 | |
5 total

»
rockstarzee (
yellow | 39 APM | 891 actions | 23:02)
4 Blood Mage
2 Flame Strike
2 Siphon Mana
3 Paladin
1 Holy Light
1 Devotion Aura
1 Divine Shield
» actions
| Assign group hotkey | 20 | |
| Basic commands | 4 | |
| Build / train | 52 | |
| Enter build submenu | 18 | |
| Enter hero's abilities submenu | 7 | |
| Right click | 425 | |
| Select / deselect | 206 | |
| Select group hotkey | 92 | |
| Use ability | 67 | |
891 total
» units
| Peasant | 12 | |
| Footman | 4 | |
| Sorceress | 4 | |
| Priest | 5 | |
| Spell Breaker | 5 | |
30 total
» upgrades
| Lumber Harvesting | 2 | |
| Sorceress Training | 2 | |
| Priest Training | 2 | |
| Control Magic | 1 | |
7 total
» buildings
| Altar of Kings | 1 | |
| Farm | 9 | |
| Lumber Mill | 1 | |
| Barracks | 1 | |
| Scout Tower | 3 | |
| Guard Tower | 2 | |
| Arcane Vault | 1 | |
| Keep | 1 | |
| Arcane Sanctum | 2 | |
| Castle | 1 | |
22 total
» build order
00:30 Altar of Kings
00:34 Farm
00:49 Lumber Mill
01:00 Farm
01:36 Farm
01:56 Barracks
02:09 Scout Tower
02:13 Scout Tower
02:19 Farm
02:47 Scout Tower
03:00 Guard Tower
03:08 Farm
03:47 Guard Tower
03:57 Arcane Vault
04:05 Keep
07:52 Arcane Sanctum
07:56 Arcane Sanctum
08:00 Castle
12:20 Farm
12:25 Farm
13:55 Farm
13:58 Farm
» items
| Scroll of Regeneration | 1 | |
| Lesser Clarity Potion | 1 | |
2 total
jerk_wad (
purple | 35 APM | 904 actions | 25:51)
5 Death Knight
3 Death Coil
2 Unholy Aura
3 Dreadlord
2 Vampiric Aura
1 Sleep
» actions
| Assign group hotkey | 1 | |
| Basic commands | 1 | |
| Build / train | 48 | |
| Enter build submenu | 16 | |
| Enter hero's abilities submenu | 8 | |
| Give item / drop item | 1 | |
| Right click | 446 | |
| Select / deselect | 340 | |
| Select group hotkey | 1 | |
| Use ability | 41 | |
904 total
» units
| Acolyte | 2 | |
| Ghoul | 3 | |
| Crypt Fiend | 19 | |
24 total
» upgrades
| Creature Attack | 3 | |
| Web | 1 | |
| Backpack | 1 | |
| Creature Carapace | 2 | |
| Pillage | 1 | |
8 total
» buildings
| Altar of Darkness | 1 | |
| Ziggurat | 14 | |
| Crypt | 1 | |
| Tomb of Relics | 1 | |
| Graveyard | 1 | |
| Halls of the Dead | 1 | |
| Black Citadel | 1 | |
| Spirit Tower | 3 | |
| Necropolis | 2 | |
25 total
» build order
00:12 Altar of Darkness
00:17 Ziggurat
00:36 Crypt
01:10 Tomb of Relics
01:32 Graveyard
01:41 Ziggurat
03:22 Halls of the Dead
06:05 Ziggurat
06:12 Ziggurat
07:22 Black Citadel
13:30 Ziggurat
13:30 Ziggurat
13:44 Ziggurat
13:46 Spirit Tower
14:50 Spirit Tower
14:56 Ziggurat
14:58 Ziggurat
15:03 Ziggurat
15:09 Ziggurat
15:12 Ziggurat
15:15 Ziggurat
16:31 Ziggurat
16:36 Spirit Tower
23:21 Necropolis
25:12 Necropolis
» items
Karma_X (
green | 32 APM | 711 actions | 22:25)
4 Blademaster
2 Wind Walk
2 Critical Strike
» actions
| Build / train | 33 | |
| Enter build submenu | 15 | |
| Enter hero's abilities submenu | 4 | |
| Right click | 508 | |
| Select / deselect | 117 | |
| Use ability | 34 | |
711 total
» units
| Peon | 7 | |
| Wind Rider | 5 | |
| Shaman | 2 | |
| Raider | 7 | |
21 total
» upgrades
| Shaman Training | 2 | |
| Reinforced Defenses | 1 | |
| Spiked Barricades | 1 | |
4 total
» buildings
| Altar of Storms | 1 | |
| Orc Burrow | 9 | |
| Voodoo Lounge | 1 | |
| Stronghold | 1 | |
| War Mill | 1 | |
| Spirit Lodge | 1 | |
| Beastiary | 2 | |
| Fortress | 1 | |
17 total
» build order
00:06 Altar of Storms
00:10 Orc Burrow
01:23 Voodoo Lounge
02:04 Orc Burrow
03:55 Stronghold
04:13 War Mill
04:56 Orc Burrow
07:56 Spirit Lodge
08:02 Beastiary
08:06 Beastiary
11:38 Fortress
11:50 Orc Burrow
11:54 Orc Burrow
13:50 Orc Burrow
13:54 Orc Burrow
21:08 Orc Burrow
21:11 Orc Burrow
» items
Chat log
(00:45 / Allies) mabosa: grunts casters
(01:01 / Allies) mabosa: few taruen if this lasts that long
(04:50 / Allies) BRUCEWILLISUSA: wood plz
(04:59 / Allies) BRUCEWILLISUSA: ty
(05:20 / Allies) BRUCEWILLISUSA: lets charge the storm castle
(05:26 / Allies) BRUCEWILLISUSA: roc reepc
(05:28 / Allies) BRUCEWILLISUSA: or crpps
(06:34 / Allies) BRUCEWILLISUSA: raped
(06:39 / Allies) BRUCEWILLISUSA: call to arms
(07:57 / Allies) alpha09: pink spend your gold or give it away
(08:57 / Allies) mabosa: wood plz
(08:59 / Allies) mabosa: 200
(09:14 / Allies) mabosa: plz?
(09:25 / Allies) HeroOfTime: ty... but not me
(09:32 / Allies) alpha09: so give it away
(10:05 / Allies) mabosa: get ur shit rebuilt
(10:13 / Allies) mabosa: make a shop plz
(10:18 / Allies) HeroOfTime: workin on it
(10:24 / Allies) HeroOfTime: gold?
(10:32 / Allies) HeroOfTime: thx
(10:59 / Allies) mabosa: y the fuck am i alone!
(11:07 / Allies) alpha09: fight in base
(11:40 / Allies) mabosa: pink wtf
(12:24 / Allies) mabosa: pink share some gold
(12:27 / All) Dontt_trust_me: gg
(12:28 / Allies) mabosa: so i can get taruen
(12:44 / Allies) HeroOfTime: if i did something badly at least i did something... pink
(13:05 / All) mabosa: so it was like 2v4
(13:19 / Allies) mabosa: pink dont tell me ur getting tanks
(13:35 / Allies) BRUCEWILLISUSA: talk to the guy that went gargs
(15:15 / Allies) mabosa: gold me dude
(15:17 / Allies) mabosa: so we have a chacne
(15:18 / Allies) BRUCEWILLISUSA: imbroke
(15:21 / Allies) BRUCEWILLISUSA: ask alpha09
(15:33 / Allies) mabosa: he fucking left because u didnt do shit
(15:40 / Allies) BRUCEWILLISUSA: i was afk
(15:45 / Allies) BRUCEWILLISUSA: what kind of a noobshit goes gargs on this map[
(15:50 / Allies) BRUCEWILLISUSA: gargs are flying xp tomes
(16:13 / Allies) BRUCEWILLISUSA: go kill that
(16:14 / Allies) BRUCEWILLISUSA: level up
(18:07 / Allies) BRUCEWILLISUSA: set wards
(18:46 / Allies) BRUCEWILLISUSA: fuggt ghere
(18:48 / Allies) BRUCEWILLISUSA: we can win
(20:26 / Allies) BRUCEWILLISUSA: expo if u can
(20:31 / Allies) mabosa: kk
(20:40 / Allies) mabosa: gold me if u can plz
(20:42 / Allies) mabosa: need a tp
(22:36 / All) BRUCEWILLISUSA: a
(22:39 / Allies) BRUCEWILLISUSA: and u doubted my tanks...
(23:04 / All) mabosa: gg
(23:47 / All) BRUCEWILLISUSA: leave shitnoob
(23:51 / All) BRUCEWILLISUSA: u lost to a guy who was afk for 5 minutes
(24:02 / All) Dontt_trust_me: lol i was afk....
(24:06 / All) BRUCEWILLISUSA: dumb lie noob
(24:15 / All) mabosa: no u wernt u tried to harras me moron
(24:17 / All) Dontt_trust_me: lol who u think u kill my base?
(24:24 / All) BRUCEWILLISUSA: noob retard
(24:27 / All) BRUCEWILLISUSA: barf liar
(24:31 / All) Dontt_trust_me: no i stoped 2 play some wow..cuz i thoughtwe won
(24:36 / All) BRUCEWILLISUSA: beaner
(24:37 / All) BRUCEWILLISUSA: mexican
(24:38 / All) BRUCEWILLISUSA: brown skin
(24:41 / All) BRUCEWILLISUSA: i am white you are not
(25:11 / All) BRUCEWILLISUSA: rat noob
(25:12 / All) BRUCEWILLISUSA: horrible raiders
(25:16 / All) BRUCEWILLISUSA: tanks rape raiders are a joke
(25:28 / All) Dontt_trust_me: LOL i bet ur a fat white american behind a computer with no gf or no life
(25:34 / All) Dontt_trust_me: gg gay vergin
(25:36 / All) mabosa: false
(25:37 / All) BRUCEWILLISUSA: raped
(25:41 / All) mabosa: my gf jsut got here
(25:43 / All) BRUCEWILLISUSA: my dick in your ass
(25:46 / All) mabosa: i am white